 Dungeon Sprint DCSS version 0.29.1-12-g30fa7ad0bf (webtiles) character file.

Game seed: 16667362922738743284

413 Groucho the Geomancer (level 6, -19/28 HPs)
             Began as a Spriggan Earth Elementalist on Dec 30, 2022.
             Was a Follower of Vehumet.
             Demolished by a human
             ... wielding a +0 hand axe of electrocution
              (20 damage)
             ... in the Dungeon (Sprint III: "The Ten Rune Challenge").
             The game lasted 00:04:41 (1363 turns).

Groucho the Geomancer (Spriggan Earth Elementalist) Turns: 1363, Time: 00:04:41

Health: -19/28     AC:  9    Str:  4    XL:     6   Next: 59%
Magic:  4/17       EV: 22    Int: 18    God:    Vehumet [*.....]
Gold:   45         SH:  0    Dex: 16    Spells: 10/20 levels left

rFire   . . .      SeeInvis +   d - +2 dagger (protect)
rCold   . . .      Faith    .   (no shield)
rNeg    . . .      Spirit   .   a - +0 robe
rPois   .          Reflect  .   (helmet restricted)
rElec   .          Harm     .   (no cloak)
rCorr   .          Rampage  .   (gloves unavailable)
Will    +....      NoTele   +   (boots unavailable)
Stlth   ++........              (no amulet)
HPRegen 0.09/turn               (no ring)
MPRegen 0.15/turn               (no ring)

@: under a protective aura, very quick
A: very small, no large weapons, unfitting armour, see invisible, speed 3
a: Renounce Religion


You were in the Dungeon.
You worshipped Vehumet.
Vehumet was aware of your devotion.
You visited 1 branch You collected 45 gold pieces.

Inventory:

Hand Weapons
 d - a +2 dagger of protection (weapon)
Armour
 a - a +0 robe (worn)
Scrolls
 g - a scroll of blinking
 h - 4 scrolls of identify
 i - 2 scrolls of poison {unknown}
 l - a scroll of torment {unknown}
Potions
 b - 3 potions of magic
 e - a potion of haste
 f - a potion of berserk rage
 j - a potion of degeneration {unknown}
 k - 3 potions of flight
 m - 4 potions of mutation


   Skills:
 + Level 8.5 Dodging
 - Level 3.0 Stealth
 + Level 7.9 Spellcasting
 * Level 4.2 Conjurations
 - Level 5.0 Transmutations
 * Level 8.6 Earth Magic


You had 10 spell levels left.
You knew the following spells:

 Your Spells              Type           Power      Damage    Failure   Level
a - Sandblast             Erth           76%        2d16      1%          1
b - Passwall              Tmut/Erth      25%        N/A       1%          2
c - Stone Arrow           Conj/Erth      60%        3d10      1%          3
d - Petrify               Tmut/Erth      31%        N/A       6%          4

Your spell library contained the following spells:

 Spells                   Type           Power      Damage    Failure   Level
 Freeze                   Ice            28%        1d5       10%         1
 Foxfire                  Conj/Fire      56%        2x1d6     4%          1
 Conjure Flame            Conj/Fire      14%        6-21      12%         3
 Gell's Gravitas          Tloc           7%         N/A       30%         3
 Inner Flame              Hex/Fire       7%         N/A       30%         3
 Teleport Other           Tloc           7%         N/A       30%         3
 Flame Wave               Conj/Fire      14%        2d6       38%         4
 Dispersal                Tloc           3%         N/A       100%        6


Dungeon Overview and Level Annotations

Branches:
Dungeon (1/1)

Altars:
Dithmenos
Kikubaaqudgha
Okawaru
Ru
Sif Muna
Trog
Uskayaw
Vehumet
Wu Jian
Yredelemnul


Innate Abilities, Weirdness & Mutations

You are very small and have problems with some larger weapons.
You are too small for most types of armour.
You have supernaturally acute eyesight. (SInv)
You cover ground extremely quickly. (Speed+++)


Message History

Unknown command.
Casting: Stone Arrow (safe; 1% risk of failure)
Confirm with . or Enter, or press ? or * to list all spells.
Aiming: Stone Arrow (safe; 1% risk of failure)
Press: ? - help, Shift-Dir - straight line, f/p - human
Aim: a human, wielding a +0 hand axe of electrocution (64% to hit)
The stone arrow misses the human.
The human drinks a potion.
The human goes berserk!
Unknown command.
Unknown command.
Unknown command.
The human rages.
The human rages.
Casting: Stone Arrow (safe; 1% risk of failure)
Confirm with . or Enter, or press ? or * to list all spells.
Aiming: Stone Arrow (safe; 1% risk of failure)
Press: ? - help, Shift-Dir - straight line, f/p - human
Aim: a human, wielding a +0 hand axe of electrocution (berserk, 64% to hit)
The stone arrow misses the human.
Unknown command.
Unknown command.
The human rages.
There is an open door here.
You hear a shout!
There is an open door here.
You hear a shout!
You hit the human.
Your weapon exudes an aura of protection.
The human is lightly wounded.
The human closely misses you.
The human hits you with a +0 hand axe of electrocution!
Ouch! That really hurt!
You are electrocuted!
* * * LOW HITPOINT WARNING * * *
You feel better.
The human hits you with a +0 hand axe of electrocution.
* * * LOW HITPOINT WARNING * * *
You are electrocuted!!
Ouch! That really hurt!
You die...

▓▓▓▓▓▓▓▓▓▓▓▓▓ ▓▓▓
▓<.#..'.....♣♣ ♣.#
▓..#..#....♣.♣ ♣.#
▓#'####.....♣♣ ♣♣.#
▓.@...#....~.♣♣♣..#
▓..p..#...~~♣...♣.#
▓.....#..~~~~.♣♣..!
▓####'#..~≈≈~~~♣..#
▓.....#.~~≈~~~....#
▓..p..#.~≈~~~.....#
▓.....#.~~~.......#
▓'#####...........#
▓..p..............#


You could see a human (berserk).

Vanquished Creatures
  A necrophage (D)
  A scorpion (D)
  A water elemental (D)
  A wizard (D)
  A necromancer (D)
  A kobold demonologist (D)
  2 humans (D)
  2 endoplasms (D)
  2 rats (D)
12 creatures vanquished.

Notes
Turn   | Place    | Note
-------+----------+-------------------------------------------
     0 | D        | Groucho the Spriggan Earth Elementalist began the quest for
                  | the Orb.
     0 | D        | Reached XP level 1. HP: 9/9 MP: 5/5
   388 | D        | Reached XP level 2. HP: 13/13 MP: 1/8
   636 | D        | Learned a level 2 spell: Passwall
   646 | D        | Noticed a scorpion
   746 | D        | Killed a scorpion
   747 | D        | Reached skill level 5 in Dodging
   747 | D        | Reached skill level 5 in Spellcasting
   747 | D        | Reached skill level 5 in Earth Magic
   747 | D        | Reached XP level 3. HP: 16/16 MP: 3/10
   747 | D        | Reached XP level 4. HP: 21/21 MP: 3/12
   921 | D        | Noticed a water elemental
   934 | D        | Killed a water elemental
   935 | D        | Reached skill level 5 in Transmutations
   935 | D        | Reached XP level 5. HP: 24/24 MP: 10/14
   953 | D        | Learned a level 3 spell: Stone Arrow
  1070 | D        | Found a radiant altar of Vehumet.
  1073 | D        | Reached skill level 1 in Conjurations
  1075 | D        | Found a shimmering blue altar of Sif Muna.
  1075 | D        | Found an ancient bone altar of Kikubaaqudgha.
  1085 | D        | Learned a level 4 spell: Petrify
  1087 | D        | Became a worshipper of Vehumet
  1101 | D        | Found a shadowy altar of Dithmenos.
  1111 | D        | Reached XP level 6. HP: 28/28 MP: 7/17
  1111 | D        | Found a basalt altar of Yredelemnul.
  1111 | D        | Found a sacrificial altar of Ru.
  1322 | D        | Found a hide-covered altar of Uskayaw.
  1322 | D        | Found an iron altar of Okawaru.
  1324 | D        | Found a bloodstained altar of Trog.
  1325 | D        | Found an ornate altar of the Wu Jian Council.
  1325 | D        | Noticed a human
  1326 | D        | Noticed a human
  1334 | D        | Killed a human
  1334 | D        | Reached * piety under Vehumet
  1334 | D        | Offered knowledge of Freeze by Vehumet.
  1360 | D        | HP: 1/28 [human/+0 hand axe of electrocution (13)]
  1363 | D        | Demolished by a human

Illustrated notes

Levels and vault maps discovered:
D:        dungeon_sprint_mu [sprint_mu_entry_forest, sprint_mu_temple_rooms,
          sprint_mu_d1_horrors, sprint_mu_d2_genie, sprint_mu_d3_branching,
          sprint_mu_orc_legion, sprint_mu_elf_gauntlet, sprint_mu_hive_nellie,
          sprint_mu_lair_fedhas, sprint_mu_vaults_butterflies,
          sprint_mu_slime_circle, sprint_mu_shoals_kraken,
          sprint_mu_snake_twists, sprint_mu_blade_basic,
          sprint_mu_crypt_fortress, sprint_mu_tomb_spiral,
          sprint_mu_vestibule_basic, sprint_mu_gehenna_hellfire,
          sprint_mu_dis_giant, sprint_mu_tartarus_statrot,
          sprint_mu_cocytus_islands, sprint_mu_zot1]

Skill      XL: |  1  2  3  4  5  6 |
---------------+-------------------+-----
Dodging        | 4 5 6 7 8 |  8.5
Earth Magic    | 4 5 6 7 8 |  8.6
Spellcasting   | 4 5 6 7 |  7.9
Transmutations | 3 4 5 |  5.0
Conjurations   | 3 4 |  4.2
Stealth        | |  3.0

Action                   |  1- 3 |  4- 6 || total
-------------------------+-------+-------++-------
Melee: Dagger            |       |     1 ||     1
 Cast: Sandblast         |    19 |    15 ||    34
       Passwall          |     1 |       ||     1
       Stone Arrow       |       |     6 ||     6
  Use: Potion            |       |     2 ||     2
Armor: Robe              |     1 |       ||     1
Dodge: Dodged            |     7 |     8 ||    15
